 Dungeon Crawl Stone Soup version 0.29-a0-923-g6e406bff71 (webtiles) character file.

Game seed: 8166878368425016019

44 mathmaestro the Grave Robber (level 3, -4/25 (26) HPs)
             Began as a Demonspawn Necromancer on July 27, 2022.
             Killed by miscasting Vampiric Draining (8 damage)
             ... on level 2 of the Dungeon.
             The game lasted 00:03:52 (1581 turns).

mathmaestro the Grave Robber (DsNe)                 Turns: 1581, Time: 00:03:53

HP:   -4/25 (26)    AC:  9    Str:  8    XL:     3   Next: 41%
MP:   0/6           EV: 12    Int: 18    God:
Gold: 41            SH:  0    Dex: 13    Spells: 3/7 levels left

rFire   . . .      SeeInvis .   h - +0 dagger
rCold   . . .      Faith    .   (no shield)
rNeg    . . .      Spirit   .   a - +0 robe
rPois   .          Reflect  .   (no helmet)
rElec   .          Harm     .   (no cloak)
rCorr   .          Rampage  .   k - +0 pair of gloves
Will    +....                   (no boots)
Stlth   ++........              j - amulet of regeneration
HPRegen 0.88/turn               p - ring of willpower
MPRegen 0.10/turn               (no ring)

@: sanguine armoured, very slightly contaminated, lightly drained
A: sanguine armour 1, demonic touch 1
a: no special abilities


You were on level 2 of the Dungeon.
You visited 1 branch of the dungeon, and saw 2 of its levels.

You collected 41 gold pieces.

Inventory:

Hand Weapons
 c - a +0 war axe
 h - a +0 dagger (weapon)
Armour
 a - a +0 robe (worn)
 k - a +0 pair of gloves (worn)
Jewellery
 j - an amulet of regeneration (around neck)
 p - a ring of willpower (left hand)
Scrolls
 d - a scroll of identify {unknown}
 f - a scroll of torment {unknown}
 m - a scroll of noise {unknown}
 n - a scroll of immolation {unknown}
Potions
 b - a potion of magic
 e - a potion of berserk rage {unknown}
 g - a potion of mutation {unknown}
 i - a potion of resistance {unknown}
 l - 2 potions of degeneration {unknown}
 o - a potion of heal wounds {unknown}


   Skills:
 + Level 1.4 Fighting
 - Level 2.0 Dodging
 - Level 2.0 Stealth
 + Level 2.5 Spellcasting
 + Level 4.8 Necromancy


You had 3 spell levels left.
You knew the following spells:

 Your Spells              Type           Power      Damage    Failure   Level
a - Necrotise             Necr           76%        1d7       2%          1
b - Vampiric Draining     Necr           19%        2d7       7%          3

Your spell library contained the following spells:

 Spells                   Type           Power      Damage    Failure   Level
 Animate Dead             Necr           19%        N/A       24%         4
 Agony                    Necr           19%        N/A       54%         5


Dungeon Overview and Level Annotations

Branches:
Dungeon (2/15)

Altars:

Annotations:
D:2 Sigmund


Innate Abilities, Weirdness & Mutations

When seriously injured, your blood forms armour. (AC +6)
Your touch may inflict minor irresistible damage on your foes.


Message History

Your blood armour dries and flakes away.
Sigmund misses you.
Unknown command.
Casting: Vampiric Draining (quite dangerous; 7% risk of failure)
Confirm with . or Enter, or press ? or * to list all spells.
You don't have enough magic to cast this spell.
Unknown command.
You barely miss Sigmund. Your touch misses Sigmund.
Sigmund is moderately wounded.
Your kobold skeleton closely misses Sigmund.
You barely miss Sigmund.
You touch Sigmund!
Sigmund is heavily wounded.
Sigmund hits you with a +0 scythe of freezing.
Sigmund freezes you.
Your blood congeals into armour.
You hit Sigmund but do no damage.
Sigmund is heavily wounded.
Your kobold skeleton barely misses Sigmund.
Sigmund misses you.
You completely miss Sigmund.
You touch Sigmund!
Sigmund is almost dead.
Your blood armour dries and flakes away.
The endoplasm closely misses you.
Your kobold skeleton hits Sigmund.
You closely miss Sigmund. Your touch misses Sigmund.
Sigmund is almost dead.
The endoplasm barely misses you.
Sigmund hits you with a +0 scythe of freezing!
* * * LOW HITPOINT WARNING * * *
Your blood congeals into armour.
Sigmund freezes you.
* * * LOW HITPOINT WARNING * * *
Your kobold skeleton closely misses Sigmund.
Casting: Vampiric Draining (quite dangerous; 7% risk of failure)
Confirm with . or Enter, or press ? or * to list all spells.
The spell is quite dangerous to miscast (7% risk of failure)!
Continue anyway?
Aiming: Vampiric Draining (quite dangerous; 7% risk of failure)
Press: ? - help, Shift-Dir - straight line, f/p - Sigmund
Aim: Sigmund, wielding a +0 scythe of freezing and wearing a +0 robe (almost dead, ally target)
You miscast Vampiric Draining.
You are very lightly contaminated with residual magic.
You feel horribly lethargic!
You feel drained.
You die...

#....####.# #..[......
#.......#.# #.####.###
##.#..#.#.# #.####.#
#.#†.#<#.# #....#.#
#.#..#.#.# ####.#.#
####.#..#)#.# #.#.#
#.......#.#.######.#.#
#.........#........#.#
#......@Z###########.#
#......J@............#
#...).....############
#.........#
####+#..).# #....#
#....# #....#


You could see Sigmund (ally target), an endoplasm and a friendly kobold
skeleton.

Vanquished Creatures
  A worm (D:2)
  3 bats (D:1)
  2 endoplasms
  5 goblins (D:1)
  3 hobgoblins (D:1)
  9 jackals
  3 kobolds
  3 ball pythons
  3 frilled lizards (D:1)
  A rat (D:1)
33 creatures vanquished.

Vanquished Creatures (collateral kills)
  2 bats (D:1)
  A rat (D:2)
3 creatures vanquished.

Grand Total: 36 creatures vanquished

Notes
Turn   | Place    | Note
-------+----------+-------------------------------------------
     0 | D:1      | mathmaestro the Demonspawn Necromancer began the quest for
                  | the Orb.
     0 | D:1      | Reached XP level 1. HP: 13/13 MP: 3/3
   321 | D:1      | Gained mutation: Your touch may inflict minor irresistible
                  | damage on your foes. [demonic ancestry]
   321 | D:1      | Reached XP level 2. HP: 20/20 MP: 0/5
   683 | D:1      | Reached skill level 1 in Fighting
   893 | D:1      | Gained mutation: When seriously injured, your blood forms
                  | armour. (AC +6) [demonic ancestry]
   893 | D:1      | Reached XP level 3. HP: 26/26 MP: 4/6
   897 | D:1      | Learned a level 3 spell: Vampiric Draining
  1412 | D:2      | Noticed Sigmund
  1581 | D:2      | Killed by miscasting Vampiric Draining

Illustrated notes

Levels and vault maps discovered:
D:1:      dpeg_arrival_round_b, layout_basic
D:2:      layout_basic, kennysheep_generic_room_15, uniq_natasha, uniq_sigmund

Skill      XL: |  1  2 |
---------------+-------+-----
Stealth        | 2 |  2.0
Dodging        | 2 |  2.0
Fighting       | 1 |  1.4
Spellcasting   | |  2.5
Necromancy     | |  4.8

Action                   || total
-------------------------++-------
Melee: Short sword       ||     3
       Dagger            ||    19
       Touch             ||     7
 Cast: Necrotise         ||    42
       Vampiric Draining ||     1
 Stab: Sleeping          ||     3
Armor: Robe              ||     7
Dodge: Dodged            ||    23

Table legend: (Time is in decaauts)
 A = Elapsed time spent in this place.
 B = Non-inter-level travel time spent in this place.
 C = Inter-level travel time spent in this place.
 D = Time resting spent in this place.
 E = Time spent auto-exploring this place.
 F = Levels seen in this place.
 G = Mean time per level.
                   A        B        C        D        E       F      G
               +--------+--------+--------+--------+--------+-----+--------+
         Total |   1579 |   1568 |     11 |    126 |   1105 |   2 |  789.5 |
       Dungeon |   1579 |   1568 |     11 |    126 |   1105 |   2 |  789.5 |
               +--------+--------+--------+--------+--------+-----+--------+

Top non-repeatable levels by time:
     D:1: 1101 daAuts
     D:2: 477 daAuts
